Map: Emerald City CE

Players

shasho

  • Race: Protoss Protoss
  • Spawn Location: 5:00

Computer

  • Race: Zerg Zerg
  • Spawn Location: 5:00

Blackcat - Winner!

  • Race: Zerg Zerg
  • League: Platinum
  • Spawn Location: 11:00

john - Winner!

  • Race: Terran Terran
  • Spawn Location: 11:00

VOD

Have the link to the VOD?

Description

Time

  • Played on: April 29, 2025, 8:07 a.m.
  • Length: 4:15
Show
View Real Time Build Order
Export as new Build Order

shasho Protoss 

Build Orders: Nexus First 

Get SALT Encoding   

  12  0:19  Probe  
  12  0:27  Probe  
  13  0:33  Pylon  
  14  0:37  Probe  
  15  0:50  Nexus  
  15  0:52  Pylon  
  15  1:11  Gateway  
  15  1:12  Gateway  
  15  1:15  Probe  
  15  1:16  Pylon  
  16  1:18  Assimilator  
  16  1:21  Assimilator  
  16  1:24  Gateway  
  16  1:25  Probe  
  16  1:27  Gateway  
  17  1:33  Probe  
  17  1:36  Gateway  
  18  1:40  Gateway  
  18  1:42  Probe  
  19  2:00  Zealot  
  19  2:01  Zealot  
  21  2:06  Cybernetics Core  
  23  2:09  Probe  
  24  2:18  Probe  
  24  2:27  Probe, Zealot  
  28  2:32  Zealot  
  33  2:39  Probe  
  34  2:51  Probe  
  34  2:55  Probe  
  24  3:07  Probe, Zealot  
  24  3:08  Zealot  
  24  3:19  Probe  
  22  3:22  Twilight Council  
  22  3:31  Probe  
  23  3:43  Probe  
  23  3:46  Zealot  
  21  4:02  Probe  
Show
View Real Time Build Order
Export as new Build Order

Computer Zerg 

Build Orders:  

Get SALT Encoding   

  12  0:56  Extractor  
  11  0:58  Drone x3  
  11  1:03  Extractor  
  13  1:52  Drone  
  14  1:55  Overlord  
Show
View Real Time Build Order
Export as new Build Order

Blackcat Zerg - Winner!

Build Orders: 1 Base Baneling Bust, Pool Only, Zergling Baneling 

Get SALT Encoding   

  12  0:00  Drone  
  13  0:18  Extractor  
  12  0:25  Spawning Pool  
  11  0:29  Drone  
  12  0:38  Drone x2  
  14  0:50  Overlord  
  14  1:11  Zergling x4  
  14  1:13  Zergling x2  
  17  1:23  Metabolic Boost, Zergling x2  
  18  1:34  Zergling x2  
  19  1:45  Zergling x2  
  20  1:48  Queen  
  22  1:57  Baneling Nest  
  22  1:59  Zergling x2  
  22  2:09  Overlord  
  22  2:36  Zergling x4  
  24  2:42  Zergling x2  
  22  3:20  Baneling x8  
  22  3:23  Zergling x8  
  20  3:57  Zergling x2  
  20  3:58  Zergling x10  
Show
View Real Time Build Order
Export as new Build Order

john Terran - Winner!

Build Orders:  

Get SALT Encoding   

  12  0:25  Supply Depot  
  12  0:30  Refinery  
  12  0:52  Barracks  
  12  1:00  Barracks  
  12  1:08  Supply Depot  
  12  1:36  Supply Depot  
  12  1:50  Marine  
  12  1:51  Marine  
  14  1:59  Supply Depot  
  14  2:08  Marine  
  14  2:10  Factory  
  15  2:26  Marine x2  
  17  2:44  Marine  
  18  3:02  Marine x2  
  18  3:05  Factory Tech Lab  
Tags
 
Add a new tag
Caveats
  • Supply blocks, unpowered buildings, or Contaminate may cause inaccurate times.
  • Supply counts are checked every 10 seconds.